MLB
SAN FRANCISCO GIANTS @ OAKLAND ATHLETICS
08/24/2019
 
TOP OF THE 1ST
San Francisco Giants batting - Pitching for Oakland Athletics : RHP Mike Leake
Pitching: RHP Mike Leake
Batting: RHB Jose Iglesias 0-0: Ball
1-0: Fly out, F8 (Line Drive, 8RM, EV 87.5 MPH)
Batting: RHB Yairo Munoz 0-0: Foul Ball, location: 2F
0-1: Ball
1-1: Ball
2-1: Ball
3-1: Swinging Strike
3-2: Foul Ball, location: 2F
3-2: Strikes out swinging
Batting: LHB Anthony Rizzo 0-0: Ball
1-0: Called Strike
1-1: Fly out, F9 (Flyball, 9S, EV 76.3 MPH)
Top of the 1st over - 0 runs, 0 hits, 0 errors, 0 left on base; San Francisco 0 - Oakland 0
BOTTOM OF THE 1ST
Oakland Athletics batting - Pitching for San Francisco Giants : RHP Anthony DeSclafani
Pitching: RHP Anthony DeSclafani
Batting: LHB Shin-Soo Choo 0-0: Swinging Strike
0-1: Ball
1-1: Foul Ball, location: 2F
1-2: Strikes out swinging
Batting: RHB Mark Canha 0-0: Called Strike
0-1: Ball
1-1: Ball
2-1: Foul Ball, location: 2F
2-2: Ball
3-2: Base on Balls
Batting: SHB Eduardo Escobar 0-0: Ball
1-0: Fielders Choice at 2nd, 6-4 (Groundball, 6M, EV 76.9 MPH)
Batting: LHB Didi Gregorius 0-0: Called Strike
0-1: Called Strike
0-2: Ball
1-2: Fly out, F3 (Line Drive, 3, EV 75.0 MPH)
Bottom of the 1st over - 0 runs, 0 hits, 0 errors, 1 left on base; San Francisco 0 - Oakland 0
TOP OF THE 2ND
San Francisco Giants batting - Pitching for Oakland Athletics : RHP Mike Leake
Batting: LHB Kyle Schwarber 0-0: Ball
1-0: Fly out, F5 (Popup, 6S, EV 83.1 MPH)
Batting: SHB Yasmani Grandal 0-0: Called Strike
0-1: Called Strike
0-2: Ball
1-2: Ball
2-2: SINGLE (Groundball, 3D, EV 103.8 MPH)
Batting: LHB Kyle Seager 0-0: Called Strike
0-1: Ball
1-1: Called Strike
1-2: DOUBLE (Line Drive, 9LS, EV 99.4 MPH)
Yasmani Grandal to third
Batting: LHB Carlos Gonzalez 0-0: Called Strike
0-1: Swinging Strike
0-2: Foul Ball, location: 2F
0-2: Foul Ball, location: 2F
0-2: Ball
1-2: Ball
2-2: Ball
3-2: Foul Ball, location: 2F
3-2: Base on Balls
Batting: LHB Daniel Palka 0-0: Called Strike
0-1: Ball
1-1: Called Strike
1-2: Ball
2-2: Foul Ball, location: 2F
2-2: SINGLE (Line Drive, 56D, EV 99.4 MPH)
Yasmani Grandal scores
Kyle Seager to third
Carlos Gonzalez to second
Batting: LHB Tyler Naquin 0-0: Ball
1-0: Called Strike
1-1: Swinging Strike
1-2: Strikes out swinging
Batting: RHB Jose Iglesias 0-0: Ball
1-0: Ball
2-0: Ball
3-0: Called Strike
3-1: Base on Balls
Kyle Seager scores
Carlos Gonzalez to third
Daniel Palka to second
Batting: RHB Yairo Munoz 0-0: Called Strike
0-1: Ball
1-1: Ball
2-1: Ball
3-1: Fielders Choice at 2nd, 6-4 (Groundball, 56, EV 78.8 MPH)
Top of the 2nd over - 2 runs, 3 hits, 0 errors, 3 left on base; San Francisco 2 - Oakland 0
BOTTOM OF THE 2ND
Oakland Athletics batting - Pitching for San Francisco Giants : RHP Anthony DeSclafani
Batting: RHB Rhys Hoskins 0-0: Ball
1-0: Foul Ball, location: 2F
1-1: Called Strike
1-2: Strikes out swinging
Batting: RHB Jose Abreu 0-0: Ball
1-0: Called Strike
1-1: Swinging Strike
1-2: Strikes out swinging
Batting: LHB Cory Spangenberg 0-0: Ball
1-0: SINGLE (Line Drive, 6D, EV 99.4 MPH)
Batting: LHB Steven Duggar 0-0: Ball
1-0: Called Strike
Cory Spangenberg steals 2nd base
1-1: Foul Ball, location: 2F
1-2: Ball
2-2: Fly out, F9 (Flyball, 89S, EV 99.4 MPH)
Bottom of the 2nd over - 0 runs, 1 hit, 0 errors, 1 left on base; San Francisco 2 - Oakland 0
TOP OF THE 3RD
San Francisco Giants batting - Pitching for Oakland Athletics : RHP Mike Leake
Batting: LHB Anthony Rizzo 0-0: Foul Ball, location: 2F
0-1: Foul Ball, location: 2F
0-2: Foul Ball, location: 2F
0-2: Ball
1-2: Ball
2-2: Fly out, F6 (Popup, 4S, EV 81.9 MPH)
Batting: LHB Kyle Schwarber 0-0: Ball
1-0: Ball
2-0: Ball
3-0: Base on Balls
Batting: SHB Yasmani Grandal 0-0: Called Strike
0-1: Ball
1-1: Ball
2-1: Called Strike
2-2: SINGLE (Groundball, 34D, EV 94.4 MPH)
Kyle Schwarber to second
Batting: LHB Kyle Seager 0-0: Called Strike
0-1: Called Strike
0-2: Ball
1-2: Ball
2-2: SINGLE (Line Drive, 34D, EV 100.6 MPH)
Kyle Schwarber to third
Yasmani Grandal to second
Runner from 3rd tries for Home, SAFE, throw by RF to home
Batting: LHB Carlos Gonzalez 0-0: Called Strike
0-1: Swinging Strike
0-2: Strikes out swinging
Batting: LHB Daniel Palka 0-0: 3-RUN HOME RUN (Flyball, 9D, EV 86.9 MPH), Distance : 373 ft
Pitching: RHP Michael Feliz
Batting: LHB Tyler Naquin 0-0: Fly out, F8 (Line Drive, 8LD, EV 90.0 MPH)
Top of the 3rd over - 4 runs, 3 hits, 0 errors, 0 left on base; San Francisco 6 - Oakland 0
BOTTOM OF THE 3RD
Oakland Athletics batting - Pitching for San Francisco Giants : RHP Anthony DeSclafani
Batting: RHB Kurt Suzuki 0-0: Fly out, F7 (Flyball, 7LS, EV 91.3 MPH)
Batting: LHB Shin-Soo Choo 0-0: Ball
1-0: Ball
2-0: Ball
3-0: Base on Balls
Batting: RHB Mark Canha 0-0: Swinging Strike
0-1: SINGLE (Groundball, 4MD, EV 107.5 MPH)
Shin-Soo Choo to second
Batting: SHB Eduardo Escobar 0-0: Ball
1-0: Grounds into double play, 5-4-3 (Groundball, 56, EV 101.9 MPH)
Bottom of the 3rd over - 0 runs, 1 hit, 0 errors, 1 left on base; San Francisco 6 - Oakland 0
TOP OF THE 4TH
San Francisco Giants batting - Pitching for Oakland Athletics : RHP Michael Feliz
Batting: RHB Jose Iglesias 0-0: Ball
1-0: Ball
2-0: Ground out U3 (Groundball, 34S, EV 81.9 MPH)
Batting: RHB Yairo Munoz 0-0: Ball
1-0: Ball
2-0: Ground out 6-3 (Groundball, 56, EV 101.9 MPH)
Batting: LHB Anthony Rizzo 0-0: Called Strike
0-1: Foul Ball, location: 2F
0-2: Strikes out swinging
Top of the 4th over - 0 runs, 0 hits, 0 errors, 0 left on base; San Francisco 6 - Oakland 0
BOTTOM OF THE 4TH
Oakland Athletics batting - Pitching for San Francisco Giants : RHP Anthony DeSclafani
Batting: LHB Didi Gregorius 0-0: DOUBLE (Line Drive, 78XD, EV 103.8 MPH)
Batting: RHB Rhys Hoskins 0-0: Called Strike
0-1: Ball
1-1: Called Strike
1-2: Ball
2-2: Ball
3-2: Base on Balls
Batting: RHB Jose Abreu 0-0: Fly out, F7 (Line Drive, 7D, EV 90.0 MPH)
Runner from 2nd tags up, SAFE at 3rd, no throw by LF
Batting: LHB Cory Spangenberg 0-0: Called Strike
0-1: DOUBLE (Groundball, 5L, EV 106.3 MPH)
Didi Gregorius scores
Rhys Hoskins to third
Batting: LHB Steven Duggar 0-0: Ground out 4-3 (Groundball, 4S, EV 63.8 MPH)
Rhys Hoskins scores
Cory Spangenberg to third
Batting: RHB Kurt Suzuki 0-0: Ball
1-0: Ball
2-0: Ball
3-0: Called Strike
3-1: Foul Ball, location: 2F
3-2: SINGLE (Groundball, 6D, EV 94.4 MPH)
Cory Spangenberg scores
Batting: LHB Shin-Soo Choo 0-0: Fielders Choice at 2nd, U6 (Groundball, 6M, EV 88.8 MPH)
Bottom of the 4th over - 3 runs, 3 hits, 0 errors, 1 left on base; San Francisco 6 - Oakland 3
TOP OF THE 5TH
San Francisco Giants batting - Pitching for Oakland Athletics : RHP Michael Feliz
Batting: LHB Kyle Schwarber 0-0: Ball
1-0: Ground out 1-3 (Groundball, 34S, EV 62.5 MPH)
Batting: SHB Yasmani Grandal 0-0: Ball
1-0: Called Strike
1-1: Foul Ball, location: 2F
1-2: Foul Ball, location: 2F
1-2: Ball
2-2: Strikes out swinging
Batting: LHB Kyle Seager 0-0: Ball
1-0: Foul Ball, location: 2F
1-1: Ball
2-1: Ground out 4-3 (Groundball, 4, EV 89.4 MPH)
Top of the 5th over - 0 runs, 0 hits, 0 errors, 0 left on base; San Francisco 6 - Oakland 3
BOTTOM OF THE 5TH
Oakland Athletics batting - Pitching for San Francisco Giants : RHP Anthony DeSclafani
Batting: RHB Mark Canha 0-0: Ball
1-0: Foul Ball, location: 2F
1-1: Called Strike
1-2: Ball
2-2: Fly out, F6 (Flyball, 56D, EV 81.9 MPH)
Batting: SHB Eduardo Escobar 0-0: Ball
1-0: Fly out, F7 (Flyball, 7S, EV 87.5 MPH)
Batting: LHB Didi Gregorius 0-0: Foul Ball, location: 2F
0-1: Ball
1-1: Swinging Strike
1-2: SINGLE (Flyball, 34D, EV 94.4 MPH)
Batting: RHB Rhys Hoskins 0-0: Called Strike
0-1: Swinging Strike
0-2: Ground out 1-3 (Groundball, 13S, EV 66.9 MPH)
Bottom of the 5th over - 0 runs, 1 hit, 0 errors, 1 left on base; San Francisco 6 - Oakland 3
TOP OF THE 6TH
San Francisco Giants batting - Pitching for Oakland Athletics : RHP Michael Feliz
Batting: LHB Carlos Gonzalez 0-0: Fly out, F7 (Line Drive, 7D, EV 95.6 MPH)
Batting: LHB Daniel Palka 0-0: Called Strike
0-1: Foul Ball, location: 2F
0-2: Strikes out looking
Batting: LHB Tyler Naquin 0-0: Ball
1-0: Ball
2-0: SINGLE (Groundball, 6MD, EV 96.3 MPH)
Batting: RHB Jose Iglesias 0-0: Fly out, F8 (Flyball, 8RM, EV 94.4 MPH)
Top of the 6th over - 0 runs, 1 hit, 0 errors, 1 left on base; San Francisco 6 - Oakland 3
BOTTOM OF THE 6TH
Oakland Athletics batting - Pitching for San Francisco Giants : RHP Anthony DeSclafani
Batting: RHB Jose Abreu 0-0: Called Strike
0-1: Called Strike
0-2: Strikes out swinging
Batting: LHB Cory Spangenberg 0-0: Ball
1-0: Called Strike
1-1: Bunt for hit to P - play at first, batter OUT! 1-3
Batting: LHB Steven Duggar 0-0: Foul Ball, location: 2F
0-1: Ball
1-1: Called Strike
1-2: Strikes out swinging
Bottom of the 6th over - 0 runs, 0 hits, 0 errors, 0 left on base; San Francisco 6 - Oakland 3
TOP OF THE 7TH
San Francisco Giants batting - Pitching for Oakland Athletics : RHP Michael Feliz
Pitching: LHP Jerry Vasto
Batting: RHB Yairo Munoz 0-0: Ball
1-0: Foul Ball, location: 2F
1-1: Swinging Strike
1-2: Strikes out swinging
Batting: LHB Anthony Rizzo 0-0: Called Strike
0-1: Ball
1-1: Swinging Strike
1-2: Foul Ball, location: 2F
1-2: Strikes out swinging
Batting: LHB Kyle Schwarber 0-0: Ball
1-0: Fly out, F9 (Flyball, 9D, EV 98.1 MPH)
Top of the 7th over - 0 runs, 0 hits, 0 errors, 0 left on base; San Francisco 6 - Oakland 3
BOTTOM OF THE 7TH
Oakland Athletics batting - Pitching for San Francisco Giants : RHP Anthony DeSclafani
Pitching: RHP Brad Boxberger
Batting: RHB Kurt Suzuki 0-0: Ball
1-0: Ground out 6-3 (Groundball, 6, EV 81.3 MPH)
Batting: LHB Shin-Soo Choo 0-0: Called Strike
0-1: Ground out 6-3 (Groundball, 6D, EV 90.6 MPH)
Batting: RHB Mark Canha 0-0: Called Strike
0-1: Ball
1-1: Ball
2-1: Ball
3-1: Called Strike
3-2: Base on Balls
Batting: SHB Eduardo Escobar 0-0: Ball
1-0: Ball
2-0: Called Strike
2-1: Ball
3-1: Called Strike
3-2: Foul Ball, location: 2F
3-2: Foul Ball, location: 2F
3-2: Foul Ball, location: 2F
3-2: Strikes out swinging
Bottom of the 7th over - 0 runs, 0 hits, 0 errors, 1 left on base; San Francisco 6 - Oakland 3
TOP OF THE 8TH
San Francisco Giants batting - Pitching for Oakland Athletics : LHP Jerry Vasto
Pitching: RHP Blake Parker
Batting: SHB Yasmani Grandal 0-0: Ball
1-0: Called Strike
1-1: Swinging Strike
1-2: Ball
2-2: Strikes out swinging, 2-3 out at first.
Batting: LHB Kyle Seager 0-0: Ball
1-0: DOUBLE (Line Drive, 3D, EV 104.4 MPH)
Batting: LHB Carlos Gonzalez 0-0: Fly out, F7 (Flyball, 7, EV 90.6 MPH)
Batting: LHB Daniel Palka 0-0: Swinging Strike
0-1: Foul Ball, location: 2F
0-2: Ball
1-2: SINGLE (Flyball, 89S, EV 85.0 MPH)
Kyle Seager to third
Runner from 3rd tries for Home, SAFE, throw by RF to home
Batting: LHB Tyler Naquin 0-0: Called Strike
0-1: Ball
1-1: Called Strike
1-2: Strikes out swinging
Top of the 8th over - 1 run, 2 hits, 0 errors, 1 left on base; San Francisco 7 - Oakland 3
BOTTOM OF THE 8TH
Oakland Athletics batting - Pitching for San Francisco Giants : RHP Brad Boxberger
Pitching: RHP Chris Devenski
Batting: LHB Didi Gregorius 0-0: Called Strike
0-1: Swinging Strike
0-2: Ball
1-2: Ball
2-2: Foul Ball, location: 2F
2-2: Ball
3-2: Strikes out swinging
Batting: RHB Rhys Hoskins 0-0: Ball
1-0: Called Strike
1-1: Swinging Strike
1-2: Strikes out looking
Batting: RHB Jose Abreu 0-0: Hit by Pitch
Batting: LHB Cory Spangenberg 0-0: Ball
1-0: Ball
2-0: Ball
3-0: Called Strike
3-1: Fielders Choice at 2nd, 5-4 (Groundball, 56, EV 84.4 MPH)
Bottom of the 8th over - 0 runs, 0 hits, 0 errors, 1 left on base; San Francisco 7 - Oakland 3
TOP OF THE 9TH
San Francisco Giants batting - Pitching for Oakland Athletics : RHP Blake Parker
Pitching: RHP Chasen Bradford
Batting: RHB Jose Iglesias 0-0: Ball
1-0: Called Strike
1-1: Ball
2-1: SINGLE (Groundball, 34S, EV 93.1 MPH) (infield hit)
Batting: RHB Yairo Munoz 0-0: Ball
1-0: Sac Bunt to 25 - play at first, batter OUT! 5-3
Jose Iglesias to second
Batting: LHB Anthony Rizzo 0-0: Foul Ball, location: 2F
0-1: Fly out, F4 (Popup, 4, EV 66.3 MPH)
Batting: LHB Kyle Schwarber 0-0: Ball
1-0: Swinging Strike
1-1: Swinging Strike
1-2: Strikes out swinging, 2-3 out at first.
Top of the 9th over - 0 runs, 1 hit, 0 errors, 1 left on base; San Francisco 7 - Oakland 3
BOTTOM OF THE 9TH
Oakland Athletics batting - Pitching for San Francisco Giants : RHP Chris Devenski
Pitching: RHP Carlos Alejandro Ramirez
Batting: LHB Steven Duggar 0-0: Ball
1-0: Called Strike
1-1: Called Strike
1-2: Foul Ball, location: 2F
1-2: Strikes out swinging
Batting: RHB Kurt Suzuki 0-0: Swinging Strike
0-1: Ground out 6-3 (Groundball, 56, EV 77.5 MPH)
Batting: LHB Shin-Soo Choo 0-0: Ball
1-0: Called Strike
1-1: Swinging Strike
1-2: Ball
2-2: SINGLE (Line Drive, 9LS, EV 93.8 MPH)
Batting: RHB Mark Canha 0-0: Called Strike
0-1: Called Strike
0-2: Strikes out swinging
Bottom of the 9th over - 0 runs, 1 hit, 0 errors, 1 left on base; San Francisco 7 - Oakland 3
Wednesday, November 27th, 2019 - OOTP Baseball 20.8 Build 73